Meike, neutral female human Tourist ---- --..| |...----- -------- |....--.-- --...--.-- ---........| |........| |[.........| ---......-- ---.|.......-- |......--- |...|-.|....| ---.|.|..| |.---|.| ..-- |...|.|--- ... |.| |.----- |.--|.| ---- ...----.-- |...| |..-|.| ---..| .....%....| ---.--- --^..|.--|....| ....-----.-- |...| |..%-|...|.---- .....| --- --).|--..-----.|.| ...--- ----..|)@..| |...| ..- |......o--.| ---.-- --.......||.|--- --<.-- |.+.---.--|.|..--|....| |+.-- --- |.....|--..-- ---- ---..-- ---- --- Meike the Sightseer Experience level: 5 Strength: 11 Dexterity: 9 Constitution: 17 Intelligence: 14 Wisdom: 9 Charisma: 15 Health: 0(43) Energy: 18(18) Def: 9 Gold: 572 Moves: 3097 Dungeon seed: Svv5zqjkXkMFp3zz Game ID: Meike_1574330989 Your Inventory: Coins $ - 572 gold pieces Amulets o - a cursed amulet of strangulation Weapons h - a +1 knife p - a +0 orcish dagger s - a cursed +0 orcish dagger u - 2 +0 elven daggers (wielded) w - a blessed +1 orcish dagger C - 2 +0 knives I - a +0 crossbow J - a +0 sling R - a blessed +0 knife S - 8 +0 arrows T - a +0 bow U - 2 +0 daggers V - 3 cursed -3 daggers X - a +0 crossbow Z - 12 +0 crossbow bolts Armor e - an uncursed +0 Hawaiian shirt (being worn) m - an uncursed +0 dwarvish cloak q - an uncursed +0 orcish helm (being worn) r - an uncursed +0 orcish shield (being worn) t - an uncursed +0 pair of iron shoes (being worn) y - an uncursed +0 orcish helm M - a blessed +1 dwarvish cloak (being worn) Q - an uncursed +0 dwarvish cloak Y - an uncursed +0 orcish chain mail (being worn) Comestibles d - 6 uncursed food rations f - an uncursed orange g - an uncursed apple l - an uncursed tripe ration v - an uncursed lembas wafer Scrolls i - 4 uncursed scrolls of magic mapping A - an uncursed scroll of remove curse D - an uncursed scroll of identify K - an uncursed scroll of destroy armor P - an uncursed scroll of taming Potions G - an uncursed potion of levitation L - an uncursed potion of fruit juice O - an uncursed potion of object detection W - an uncursed potion of gain energy Wands x - a wand of slow monster (0:7) H - a wand of striking (0:8) Tools c - 2 uncursed tallow candles (0:200) j - an expensive camera (0:51) k - an uncursed tin whistle n - an uncursed credit card Gems b - an uncursed aquamarine stone z - 2 uncursed worthless pieces of black glass B - 2 uncursed worthless pieces of yellowish brown glass N - 2 uncursed worthless pieces of yellow glass Spells and supernatural/magical abilities: Name Level Category Fail Memory W - pray for help -- divine ? -- Your skills at the end: Fighting Skills Weapon Skills dagger [Basic] dart [Basic] Spellcasting Skills Final Attributes: You were piously aligned. You are dead. Vanquished creatures: a dingo a housecat 7 Mordor orcs a violet fungus a gnome lord a gnomish wizard 4 giant ants a floating eye 3 dwarves 4 dwarf zombies 3 hobbits 2 cave spiders a yellow mold 7 gnomes a garter snake a gnome zombie a gecko 4 jackals 2 kobolds 5 goblins 2 sewer rats 6 grid bugs 2 bats 7 lichens 2 kobold zombies 4 newts 74 creatures vanquished. Voluntary challenges: You had been an atheist until turn 2430. You used a wielded weapon 51 times, starting on turn 417. You were illiterate. You never genocided any monsters. You never polymorphed an object. You never changed form. You used no wishes. You never split a pudding. You never wrote Elbereth's name. You never violated your personal moral code. Dungeon overview: The Dungeons of Doom: levels 1 to 4 Level 1 a fountain a long staircase Level 2 a fountain Level 3 some fountains Level 4 stairs to The Gnomish Mines The Gnomish Mines: Level 5 <- You were here stairs to The Dungeons of Doom History has recorded: On T:1 you entered the Dungeons of Doom to retrieve the Amulet of Yendor! On T:318 you advanced to experience level 2. On T:481 you reached level 2 of The Dungeons of Doom. On T:557 you advanced to experience level 3. On T:882 you advanced to experience level 4. On T:1120 you reached level 3 of The Dungeons of Doom. On T:1717 you reached level 4 of The Dungeons of Doom. On T:2066 you reached level 1 of The Gnomish Mines. On T:2373 you advanced to experience level 5. Score breakdown: Gold: 502 ( 9189 points) Experience: 5 levels (11141 points) Exploration: 5 levels ( 10.00%) ( 8571 points) Discoveries: 4 items ( 1.34%) ( 3475 points) Valuables value: (no points given unless you survive) Artifact value: 0 ( 0 points) Variety of kills: 26 monsters ( 6.82%) ( 7836 points) Turncount: 3097 turns ( -646 points) Survival: died (score multiplied by 80%) Total score: 31652 Latest messages: Your movements are only slowed slightly by your load. You start equipping your crude chain mail. You take off your hooded cloak. You are now wearing a crude chain mail. You are now wearing a hooded cloak. There are several objects here. The dart hits Jones. You stop waiting. Jones picks up a dull spellbook. Jones drops a dull spellbook. The Mordor orc swings her two-handed sword. The Mordor orc hits! You miss the Mordor orc. You hear some noises. Jones is killed! The Mordor orc seems to be moving slower. (2x) The Mordor orc swings her two-handed sword. The Mordor orc hits! You die... Final status: Aloha Meike the Tourist, killed by a Mordor orc... You died in The Gnomish Mines on dungeon level 5 with 31652 points, and 572 pieces of gold, after 3097 moves. You were level 5 with a maximum of 43 hit points when you died.